 Dungeon Crawl Stone Soup version 0.20.1-1-g8b1a95d (webtiles) character file.

1520 Linguinho the Insei (level 8, -3/60 HPs)
             Began as a Demonspawn Monk on Nov 8, 2017.
             Was a Priest of Qazlal.
             Slain by a two-headed ogre
             ... wielding a +0 giant club
              (20 damage)
             ... on level 6 of the Dungeon.
             The game lasted 00:18:25 (7564 turns).

Linguinho the Insei (Demonspawn Monk)               Turns: 7564, Time: 00:18:26

Health: -3/60      AC:  1    Str: 13    XL:     8   Next: 54%
Magic:  8/8        EV: 16    Int: 13    God:    Qazlal [***...]
Gold:   286        SH:  3    Dex: 18    Spells: 7/7 levels left

rFire    . . .     SeeInvis .     - Unarmed
rCold    . . .     Gourm    .   (no shield)
rNeg     . . .     Faith    .   (no armour)
rPois    .         Spirit   .   (helmet restricted)
rElec    .         Reflect  .   (no cloak)
rCorr    .         Harm     .   x - +0 pair of gloves of the Learner {MR+}
MR       +....                  (no boots)
Stlth    ++........             (no amulet)
Regen    0.2/turn               u - +3 ring of dexterity
MPRegen  0.2/turn               (no ring)

@: no status effects
A: antennae 1, demonic guardian 1, spiny 2
a: Upheaval, Elemental Force, Renounce Religion


You were on level 6 of the Dungeon.
You worshipped Qazlal.
Qazlal was most pleased with you.
You were hungry.

You visited 1 branch of the dungeon, and saw 6 of its levels.

You collected 286 gold pieces.

Inventory:

Missiles
 r - 5 tomahawks of returning (quivered)
Armour
 a - a +0 robe
 x - the +0 pair of gloves of the Learner (worn) {MR+}
   (You found it on level 5 of the Dungeon)

   It affects your resistance to hostile enchantments.
 A - a cursed +0 pair of boots
Jewellery
 t - an uncursed ring of protection from fire
 u - a +3 ring of dexterity (left hand)
Scrolls
 c - a scroll of amnesia {unknown}
 e - a scroll of remove curse
 f - a scroll of identify
 i - a scroll of magic mapping {unknown}
 l - a scroll of blinking {unknown}
 n - 2 scrolls of enchant weapon
 o - 4 scrolls of teleportation
 q - a scroll of random uselessness {unknown}
 w - a scroll of fog {unknown}
Potions
 d - 2 potions of brilliance
 g - 3 potions of ambrosia
 j - 2 potions of curing {unknown}
 k - 3 potions of flight
 m - 2 potions of agility {unknown}
 p - a potion of degeneration {unknown}
 s - 2 potions of mutation {unknown}
 z - a potion of lignification {unknown}
Books
 v - a book of Frost

   Spells                             Type                      Level
   a - Freeze                         Ice                          1
   b - Throw Frost                    Conjuration/Ice              2
   c - Ozocubu's Armour               Charms/Ice                   3
   d - Throw Icicle                   Conjuration/Ice              4
   e - Summon Ice Beast               Ice/Summoning                4
 y - Sif Muna's Collected Works on Execration
   (You found it on level 6 of the Dungeon)

   Spells                             Type                      Level
   a - Corona                         Hexes                        1
Comestibles
 b - 8 bread rations
 h - a meat ration
 B - a royal jelly


   Skills:
 + Level 4.1 Fighting
 + Level 1.0 Throwing
 + Level 5.6 Dodging
 + Level 3.9 Stealth
 + Level 7.7 Unarmed Combat


You had 7 spell levels left.
You didn't know any spells.

Dungeon Overview and Level Annotations

Branches:
Dungeon (6/15)
 Temple: D:4-7

Altars:
Fedhas
Gozag
Hepliaklqana
Kikubaaqudgha
Nemelex Xobeh
Qazlal
Ru
Sif Muna
Uskayaw
Vehumet


Innate Abilities, Weirdness & Mutations

You have a pair of small antennae on your head.
A weak demonic guardian rushes to your aid.
You are mostly covered in sharp spines.


Message History

The orc wizard blinks!
You punch the orc!
You kill the orc!
Qazlal accepts your kill.
An adder skeleton comes into view.
You see here an adder corpse.
You butcher the adder corpse.
Things that are here:
a chunk of flesh; an adder skeleton You hear two shouts!
The orc wizard casts a spell.
The orc wizard blinks!
The orc wizard mumbles some strange words.
The orc wizard blinks!
The adder skeleton barely misses your ufetubus.
The adder skeleton barely misses your ufetubus.
The two-headed ogre hits you with a giant club!
* * * LOW HITPOINT WARNING * * *
The two-headed ogre hits you with a giant club!!
You die...

..##...'#.#'...##
.###### ####
#.#.8...#.#...8.# #
#.#.##.#.._..#.#.._..#
# #.#.#.#.8.8.#.#.8.8.#
#
.###....##...##.##...##
#
..#......#####...#####
.. #...#..##.# ##.##
#.# ### #.........# #O#
#.#
#...##.##.####@####.#
#<.##...#.oZ5..()...#
#.....#...%##########
##.#.###...# #.o##
##§.# ##$..###o..#
#...§.#.#..#
#)###.†.##.# #.
#.#.##.#


You could see a two-headed ogre, an orc wizard, an adder skeleton and a friendly
ufetubus.

Vanquished Creatures
  Sigmund (D:5)
  A sky beast (D:6)
  A phantom (D:4)
  An orc warrior (D:5)
  An ogre (D:6)
  A bullfrog (D:6)
  A scorpion (D:4)
  2 howler monkeys (D:4)
  A crimson imp (D:5)
  A bullfrog zombie (D:5)
  A jelly (D:5)
  5 orc wizards
  A hound (D:5)
  A bullfrog skeleton (D:5)
  A centaur skeleton (D:5)
  2 orc priests (D:5)
  4 worker ants
  4 gnolls (D:6)
  9 adders
  A howler monkey skeleton (D:4)
  A shadow imp (D:5)
  An ooze (D:1)
  An adder skeleton (D:4)
  A worm (D:3)
  3 dart slugs
  2 leopard geckos
  18 orcs
  4 giant cockroaches
  9 hobgoblins
  12 jackals
  5 kobolds
  2 quokkas (D:3)
  2 ball pythons
  6 bats
  5 frilled lizards
  10 goblins
  A leopard gecko zombie (D:5)
  7 rats
130 creatures vanquished.

Vanquished Creatures (collateral kills)
  An orc warrior (D:6)
  2 orc wizards
  Jessica (D:2)
  A worker ant (D:5)
  5 orcs
  A kobold (D:3)
11 creatures vanquished.

Grand Total: 141 creatures vanquished

Notes
Turn   | Place    | Note
-------+----------+-------------------------------------------
     0 | D:1      | Linguinho the Demonspawn Monk began the quest for the Orb.
     0 | D:1      | Reached XP level 1. HP: 18/18 MP: 1/1
     0 | D:1      | Noticed an octopode
     0 | D:1      | Noticed a ghoul
     1 | D:1      | Noticed a human
     3 | D:1      | Noticed an ogre
     3 | D:1      | Noticed a ghoul
     8 | D:1      | Noticed a naga
    10 | D:1      | Noticed a draconian
    10 | D:1      | Noticed a formicid
    12 | D:1      | Noticed a troll
    14 | D:1      | Noticed a gargoyle
    16 | D:1      | Noticed an octopode
    16 | D:1      | Noticed a minotaur
    18 | D:1      | Noticed a felid
    18 | D:1      | Noticed a centaur
    20 | D:1      | Noticed an octopode
   445 | D:1      | Gained mutation: A weak demonic guardian rushes to your aid. [demonic ancestry]
   445 | D:1      | Reached XP level 2. HP: 24/24 MP: 2/2
   472 | D:1      | Reached skill level 3 in Unarmed Combat
   777 | D:1      | Gained mutation: You are partially covered in sharp spines. [demonic ancestry]
   777 | D:1      | Reached XP level 3. HP: 4/29 MP: 3/3
  2122 | D:2      | Noticed Jessica
  2156 | D:2      | Killed Jessica
  2156 | D:2      | Gained mutation: You are mostly covered in sharp spines. [demonic ancestry]
  2156 | D:2      | Reached XP level 4. HP: 30/35 MP: 4/4
  2539 | D:3      | Reached skill level 4 in Unarmed Combat
  2543 | D:3      | Reached XP level 5. HP: 20/41 MP: 5/5
  3464 | D:3      | Found a stormy altar of Qazlal.
  3510 | D:3      | Became a worshipper of Qazlal Stormbringer
  3510 | D:3      | Reached * piety under Qazlal
  3510 | D:3      | Reached ** piety under Qazlal
  3609 | D:4      | Found an opulent altar of Gozag.
  3652 | D:4      | Reached XP level 6. HP: 43/47 MP: 6/6
  3805 | D:4      | Noticed Sigmund
  3834 | D:5      | Entered Level 5 of the Dungeon
  3839 | D:5      | Killed Sigmund
  3839 | D:5      | Reached skill level 5 in Unarmed Combat
  3927 | D:5      | Gained mutation: You have a pair of small antennae on your head. [demonic ancestry]
  3927 | D:5      | Reached XP level 7. HP: 25/53 MP: 7/7
  4413 | D:4      | Found a sacrificial altar of Ru.
  5092 | D:4      | Reached skill level 6 in Unarmed Combat
  5228 | D:5      | Got a pair of distressingly furry gloves
  5244 | D:5      | Identified the +0 pair of gloves of the Learner {MR+} (You found it on level 5 of the Dungeon)
  6044 | D:5      | HP: 2/53 [orc warrior/halberd of protection (25)]
  6227 | D:5      | Reached XP level 8. HP: 25/60 MP: 8/8
  6297 | D:5      | Reached skill level 5 in Dodging
  6608 | D:5      | Found an opulent altar of Gozag.
  6920 | D:5      | Reached skill level 7 in Unarmed Combat
  7179 | D:6      | Found an ancient bone altar of Kikubaaqudgha.
  7183 | D:6      | Found a deep blue altar of Sif Muna.
  7185 | D:6      | Found a radiant altar of Vehumet.
  7189 | D:6      | Identified Sif Muna's Collected Works on Execration
  7237 | D:6      | Noticed a two-headed ogre
  7244 | D:6      | Found a hazy altar of Hepliaklqana.
  7325 | D:6      | Found a sparkling altar of Nemelex Xobeh.
  7366 | D:6      | Found a hide-covered altar of Uskayaw.
  7369 | D:6      | Found a blossoming altar of Fedhas.
  7400 | D:6      | Reached skill level 1 in Throwing
  7544 | D:6      | Reached *** piety under Qazlal
  7564 | D:6      | Slain by a two-headed ogre

Skill      XL: |  1  2  3  4  5  6  7  8 |
---------------+-------------------------+-----
Unarmed Combat | 3 4 5 6 7 |  7.7
Dodging        | 3 4 5 |  5.6
Stealth        | 2 3 |  3.9
Fighting       | 4 |  4.1
Throwing       | 1 |  1.0

Action                   |  1- 3 |  4- 6 |  7- 9 || total
-------------------------+-------+-------+-------++-------
Melee: Unarmed           |   137 |   102 |   167 ||   406
       Punch             |     2 |     2 |     9 ||    13
Throw: Tomahawk          |       |       |     7 ||     7
  Use: Scroll            |       |       |     7 ||     7
       Potion            |       |       |     1 ||     1
 Stab: Sleeping          |     2 |       |       ||     2
  Eat: Chunk             |     3 |     7 |    10 ||    20
Armor: Robe              |    25 |     4 |     2 ||    31
Dodge: Dodged            |    90 |    57 |    80 ||   227
Block: Other             |       |     3 |    19 ||    22
